Connexion

Heat vs Wild

Created - 9 octobre 2023 at 07:16

Goals
1 2 3 T
Heat 1 1 0 2
Wild 3 1 0 4
Shots
1 2 3 T
Heat 8 13 17 38
Wild 15 16 10 41

GoalsPenalties
1st period
1. Wild , Eemeli Rasanen 1 (Kasper Bjorkqvist 11, Scott Walford 4) at 2:52
2. Wild , Ben Thomas 5 (Joseph Gambardella 8) at 2:58
3. Wild , Taylor Raddysh 17 (Joseph Gambardella 9, Jalen Chatfield 22) at 11:20
4. Heat , Artur Kayumov 2 (Jan Jenik 7, Brinson Pasichnuk 13) at 18:35
No Penalty
2nd period
5. Heat , Nathan Smith 11 (Mathieu Joseph 22, Jacob Bryson 18) at 5:41 (PP)
6. Wild , Anthony Louis 11 (Ben Gleason 20, Tanner Pearson 14) at 16:16 (PP)
Tanner Pearson (IOW) for High sticking (Minor) at 0:36
Dillon Simpson (IOW) for Checking from behind (Minor) at 3:51
Jalen Chatfield (IOW) for Tripping (Minor) at 8:28
Dillon Simpson (IOW) for Holding (Minor) at 12:37
Aidan McDonough (STO) for Boarding (Minor) at 12:37
Egor Sokolov (STO) for Roughing (Minor) at 14:53
3rd period
No Goal
Eemeli Rasanen (IOW) for Roughing (Minor) at 2:02
Scott Walford (IOW) for Interference (Minor) at 10:10
Goalie Stats
Matthew Galajda (STO), 37 saves from 41 shots - (0,902), L, 12-8-1, 60:00 minutes
Maxime Lagace (IOW), 36 saves from 38 shots - (0,947), W, 14-3-0, 60:00 minutes
3 StarsOfficial
1 - Ben Thomas (IOW)
2 - Taylor Raddysh (IOW)
3 - Maxime Lagace (IOW)
Referees : Jean Hebert and Dave Jackson
Linesman : Scott Driscoll and Dan Schachte
Game Note
Kevin Gravel is injured at 14:41 of 1st period (Groin)
Finance
Level 1 -- Attendance: 1582 (79,10%) -- Ticket Income 63 280 $
Level 2 -- Attendance: 802 (80,20%) -- Ticket Income 16 040 $
Total Attendance: 2384 (79,47%)
Total Ticket Income: 79 320 $
Other Income: 15 864 $
Total Income: 95 184 $



Team Name Goals Shots Shots Attemp Shots Blocked PIM HIT PP PK FO%
Heat 23868134301 / 5 (20%)140%
Wild 44180612181 / 1 (100%)160%

Heat
Player Name POS G A P +/- PIM HIT SHT SB MP PP MP PP SHT PK MP PK SHT FO% FOT
Aidan McDonoughLW0000235017:593:4820:000100% 1
Artur KayumovLW/RW101000107:320:3500:0000% 0
Brett LeasonRW000-1002012:120:0000:0000% 0
Brinson PasichnukD011-1045121:464:0640:0000% 0
Cole SchneiderLW/RW000-1002012:280:0000:0000% 1
Egor SokolovLW/RW000-121105:270:0000:0000% 0
Greg McKeggC/LW/RW0000011018:003:4810:00040% 20
Jacob BrysonD011-1020423:575:4001:2300% 0
Jan JenikC/RW011-1032011:200:0000:00050% 10
Jesper LindgrenD0000012217:221:1020:0000% 0
John Albert C000-100105:280:0000:00030% 10
Kevin GravelD000000104:070:0000:0000% 0
Kyle CriscuoloC/RW0000001122:065:5800:00050% 2
Mathieu JosephLW/RW0110021124:045:5801:23050% 4
Nathan SmithC1010026024:045:5831:23039% 38
Steven OleksyD000-1074326:284:5331:2300% 0
Tarmo ReunanenD000-2021124:163:0810:0000% 0
Tyce ThompsonRW0000022018:003:4810:0000% 1
Wild
Player Name POS G A P +/- PIM HIT SHT SB MP PP MP PP SHT PK MP PK SHT FO% FOT
Anders BjorkLW/RW0000003021:400:3706:080100% 3
Anthony LouisC/LW1010015018:140:3712:53075% 20
Antti SuomelaC000000000:400:0000:4000% 1
Ben GleasonD011-1003323:460:3705:0110% 0
Ben ThomasD1012022023:320:4604:4500% 0
Danick MartelC/LW000-100003:400:0000:000100% 4
Dillon SimpsonD000-1421021:540:3714:0500% 0
Eemeli RasanenD1011221214:440:0002:0300% 0
Jalen ChatfieldD0112221122:240:4603:3800% 0
Jeremy GregoireC/LW/RW0002042016:220:4600:0000% 2
Joseph GambardellaC/LW0222004020:470:4603:31070% 20
Kasper BjorkqvistLW/RW0111024013:460:0000:0000% 1
Lukas JasekC/RW0001005013:460:0000:00050% 16
Michael MerschLW/RW0001000015:120:0001:26025% 4
Ryan KuffnerLW000-100003:400:0000:0000% 0
Scott WalfordD0111200013:350:0000:0000% 0
Tanner PearsonLW011-1227024:050:3714:54140% 15
Taylor RaddyshRW1012013016:220:4600:000100% 1



Play-by-Play

1st period


0:01 of 1st period - Anthony Louis wins face-off versus Nathan Smith in neutral zone.
0:06 of 1st period - Shot by Tanner Pearson.
0:06 of 1st period - Shot Blocked by Steven Oleksy.
0:11 of 1st period - Icing by Nathan Smith.
0:12 of 1st period - Taylor Raddysh wins face-off versus Nathan Smith in Heat zone.
0:12 of 1st period - Taylor Raddysh is hit by Steven Oleksy.
0:34 of 1st period - Shot by Joseph Gambardella.
0:34 of 1st period - Shot Misses the Net.
0:53 of 1st period - Joseph Gambardella is hit by Steven Oleksy and loses puck.
0:57 of 1st period - Icing by Jacob Bryson.
0:58 of 1st period - Michael Mersch wins face-off versus Nathan Smith in Heat zone.
0:58 of 1st period - Scott Walford is hit by Jacob Bryson.
1:19 of 1st period - Shot by Kasper Bjorkqvist.
1:19 of 1st period - Stopped by Matthew Galajda without a rebound.
1:20 of 1st period - Anthony Louis wins face-off versus Greg McKegg in Heat zone.
1:47 of 1st period - Shot by Aidan McDonough.
1:47 of 1st period - Stopped by Maxime Lagace with a rebound.
1:49 of 1st period - Shot by Kevin Gravel.
1:49 of 1st period - Stopped by Maxime Lagace with a rebound.
1:51 of 1st period - Shot by Tyce Thompson.
1:51 of 1st period - Shot Misses the Net.
1:53 of 1st period - Shot by Aidan McDonough.
1:53 of 1st period - Shot Blocked by Ben Gleason.
2:06 of 1st period - Icing by Anders Bjork.
2:07 of 1st period - Jan Jenik wins face-off versus Anthony Louis in Wild zone.
2:08 of 1st period - Shot by Cole Schneider.
2:08 of 1st period - Stopped by Maxime Lagace with a rebound.
2:10 of 1st period - Shot by Cole Schneider.
2:10 of 1st period - Shot Misses the Net.
2:12 of 1st period - Shot by Brett Leason.
2:12 of 1st period - Stopped by Maxime Lagace without a rebound.
2:13 of 1st period - Lukas Jasek wins face-off versus Jan Jenik in Wild zone.
2:15 of 1st period - Kasper Bjorkqvist is hit by Jan Jenik and loses puck.
2:50 of 1st period - Shot by Kasper Bjorkqvist.
2:50 of 1st period - Shot Blocked by Tarmo Reunanen.
2:52 of 1st period - Shot by Eemeli Rasanen.
2:52 of 1st period - Goal by Eemeli Rasanen - Heat : 0 - Wild : 1.
2:53 of 1st period - Joseph Gambardella wins face-off versus John Albert in neutral zone.
2:58 of 1st period - Shot by Ben Thomas.
2:58 of 1st period - Goal by Ben Thomas - Heat : 0 - Wild : 2.
2:59 of 1st period - Danick Martel wins face-off versus John Albert in neutral zone.
3:13 of 1st period - Icing by Jacob Bryson.
3:14 of 1st period - Joseph Gambardella wins face-off versus John Albert in Heat zone.
3:17 of 1st period - Shot by Jeremy Gregoire.
3:17 of 1st period - Stopped by Matthew Galajda with a rebound.
4:59 of 1st period - Tarmo Reunanen is hit by Kasper Bjorkqvist and loses puck.
5:28 of 1st period - Shot by Lukas Jasek.
5:28 of 1st period - Stopped by Matthew Galajda with a rebound.
5:30 of 1st period - Shot by Lukas Jasek.
5:30 of 1st period - Stopped by Matthew Galajda without a rebound.
5:31 of 1st period - Danick Martel wins face-off versus Greg McKegg in Heat zone.
6:39 of 1st period - Shot by Jeremy Gregoire.
6:39 of 1st period - Shot Misses the Net.
6:41 of 1st period - Shot by Joseph Gambardella.
6:41 of 1st period - Stopped by Matthew Galajda without a rebound.
6:42 of 1st period - John Albert wins face-off versus Kasper Bjorkqvist in Heat zone.
8:16 of 1st period - Shot by Tyce Thompson.
8:16 of 1st period - Stopped by Maxime Lagace without a rebound.
8:17 of 1st period - Anthony Louis wins face-off versus Nathan Smith in Wild zone.
8:22 of 1st period - Shot by Anders Bjork.
8:22 of 1st period - Stopped by Matthew Galajda without a rebound.
8:23 of 1st period - Anthony Louis wins face-off versus Greg McKegg in Heat zone.
8:32 of 1st period - Shot by Tanner Pearson.
8:32 of 1st period - Stopped by Matthew Galajda without a rebound.
8:33 of 1st period - Nathan Smith wins face-off versus Anthony Louis in Heat zone.
8:57 of 1st period - Shot by Anthony Louis.
8:57 of 1st period - Shot Misses the Net.
9:01 of 1st period - Shot by Jalen Chatfield.
9:01 of 1st period - Shot Blocked by Jacob Bryson.
9:03 of 1st period - Shot by Tanner Pearson.
9:03 of 1st period - Shot Blocked by Kyle Criscuolo.
9:09 of 1st period - Shot by Anthony Louis.
9:09 of 1st period - Stopped by Matthew Galajda without a rebound.
9:10 of 1st period - Joseph Gambardella wins face-off versus Greg McKegg in Heat zone.
9:34 of 1st period - Icing by Kevin Gravel.
9:35 of 1st period - Greg McKegg wins face-off versus Lukas Jasek in Heat zone.
9:49 of 1st period - Shot by Aidan McDonough.
9:49 of 1st period - Shot Misses the Net.
10:11 of 1st period - Shot by Lukas Jasek.
10:11 of 1st period - Shot Misses the Net.
10:22 of 1st period - Icing by Scott Walford.
10:23 of 1st period - Nathan Smith wins face-off versus Lukas Jasek in Wild zone.
10:28 of 1st period - Shot by Nathan Smith.
10:28 of 1st period - Stopped by Maxime Lagace without a rebound.
10:29 of 1st period - Nathan Smith wins face-off versus Anthony Louis in Wild zone.
10:48 of 1st period - Shot by Anthony Louis.
10:48 of 1st period - Stopped by Matthew Galajda without a rebound.
10:49 of 1st period - Joseph Gambardella wins face-off versus Jan Jenik in Heat zone.
10:53 of 1st period - Jeremy Gregoire is hit by Brinson Pasichnuk and loses puck.
11:15 of 1st period - Joseph Gambardella is hit by Brinson Pasichnuk and loses puck.
11:18 of 1st period - Shot by Taylor Raddysh.
11:18 of 1st period - Shot Misses the Net.
11:20 of 1st period - Shot by Taylor Raddysh.
11:20 of 1st period - The goal is going for a video replay.
11:20 of 1st period - The goal is good.
11:20 of 1st period - Goal by Taylor Raddysh - Heat : 0 - Wild : 3.
11:21 of 1st period - Anthony Louis wins face-off versus Nathan Smith in neutral zone.
11:50 of 1st period - Icing by Nathan Smith.
11:51 of 1st period - Lukas Jasek wins face-off versus Nathan Smith in Heat zone.
11:51 of 1st period - Lukas Jasek is hit by Steven Oleksy.
11:56 of 1st period - Lukas Jasek is hit by Steven Oleksy.
12:14 of 1st period - Shot by Kasper Bjorkqvist.
12:14 of 1st period - Shot Misses the Net.
12:26 of 1st period - Lukas Jasek is hit by Mathieu Joseph and loses puck.
12:52 of 1st period - Off-side.
12:53 of 1st period - Joseph Gambardella wins face-off versus Greg McKegg in neutral zone.
12:56 of 1st period - Tarmo Reunanen is hit by Jeremy Gregoire and loses puck.
13:50 of 1st period - Brett Leason is hit by Anthony Louis and loses puck.
14:05 of 1st period - Shot by Anders Bjork.
14:05 of 1st period - Shot Misses the Net.
14:40 of 1st period - Kevin Gravel is hit by Ben Thomas and loses puck.
14:41 of 1st period - Kevin Gravel from Heat is injured at 14:41 of 1st period (Groin).
14:42 of 1st period - John Albert wins face-off versus Lukas Jasek in Wild zone.
15:05 of 1st period - Shot by Artur Kayumov.
15:05 of 1st period - Shot Misses the Net.
16:25 of 1st period - Aidan McDonough is hit by Jeremy Gregoire and loses puck.
16:50 of 1st period - Tanner Pearson is hit by Tyce Thompson and loses puck.
17:05 of 1st period - Shot by Anthony Louis.
17:05 of 1st period - Stopped by Matthew Galajda with a rebound.
17:07 of 1st period - Shot by Ben Gleason.
17:07 of 1st period - Stopped by Matthew Galajda without a rebound.
17:08 of 1st period - Lukas Jasek wins face-off versus Nathan Smith in Heat zone.
17:17 of 1st period - Shot by Kasper Bjorkqvist.
17:17 of 1st period - Shot Misses the Net.
17:19 of 1st period - Shot by Ben Thomas.
17:19 of 1st period - Shot Blocked by Jesper Lindgren.
17:34 of 1st period - Lukas Jasek is hit by Tarmo Reunanen and loses puck.
18:27 of 1st period - Shot by Brett Leason.
18:27 of 1st period - Shot Hit the Post.
18:29 of 1st period - Shot by Brinson Pasichnuk.
18:29 of 1st period - Stopped by Maxime Lagace with a rebound.
18:31 of 1st period - Shot by Jan Jenik.
18:31 of 1st period - Shot Misses the Net.
18:33 of 1st period - Shot by Jan Jenik.
18:33 of 1st period - Shot Misses the Net.
18:35 of 1st period - Shot by Artur Kayumov.
18:35 of 1st period - Goal by Artur Kayumov - Heat : 1 - Wild : 3.
18:36 of 1st period - Joseph Gambardella wins face-off versus John Albert in neutral zone.
18:49 of 1st period - Shot by Joseph Gambardella.
18:49 of 1st period - Stopped by Matthew Galajda without a rebound.
18:50 of 1st period - Jan Jenik wins face-off versus Lukas Jasek in Heat zone.
19:11 of 1st period - Shot by Kasper Bjorkqvist.
19:11 of 1st period - Shot Misses the Net.
19:21 of 1st period - Shot by Kasper Bjorkqvist.
19:21 of 1st period - Shot Blocked by Steven Oleksy.
19:23 of 1st period - Shot by Michael Mersch.
19:23 of 1st period - Shot Misses the Net.
19:25 of 1st period - Shot by Lukas Jasek.
19:25 of 1st period - Shot Misses the Net.
19:27 of 1st period - Shot by Lukas Jasek.
19:27 of 1st period - Shot Misses the Net.
Goals for this period are 1 for Heat vs 3 for Wild.
Shots for this period are 8 for Heat vs 15 for Wild.

2nd period


0:01 of 2nd period - Anders Bjork wins face-off versus Nathan Smith in neutral zone.
0:03 of 2nd period - Ben Gleason is hit by Jacob Bryson and loses puck.
0:10 of 2nd period - Shot by Nathan Smith.
0:10 of 2nd period - Shot Misses the Net.
0:12 of 2nd period - Shot by Kyle Criscuolo.
0:12 of 2nd period - Shot Blocked by Ben Gleason.
0:14 of 2nd period - Shot by Kyle Criscuolo.
0:14 of 2nd period - Shot Misses the Net.
0:16 of 2nd period - Shot by Steven Oleksy.
0:16 of 2nd period - Stopped by Maxime Lagace without a rebound.
0:17 of 2nd period - Joseph Gambardella wins face-off versus Greg McKegg in Wild zone.
0:26 of 2nd period - Icing by Brinson Pasichnuk.
0:27 of 2nd period - Anthony Louis wins face-off versus Greg McKegg in Heat zone.
0:36 of 2nd period - Minor Penalty to Tanner Pearson for High sticking.
0:37 of 2nd period - Nathan Smith wins face-off versus Michael Mersch in Wild zone.
0:40 of 2nd period - Shot by Mathieu Joseph.
0:40 of 2nd period - Shot Misses the Net.
0:42 of 2nd period - Shot by Steven Oleksy.
0:42 of 2nd period - Shot Misses the Net.
0:44 of 2nd period - Shot by Steven Oleksy.
0:44 of 2nd period - Stopped by Maxime Lagace without a rebound.
0:45 of 2nd period - Nathan Smith wins face-off versus Michael Mersch in Wild zone.
1:14 of 2nd period - Off-side.
1:15 of 2nd period - Aidan McDonough wins face-off versus Michael Mersch in neutral zone.
1:49 of 2nd period - Shot by Tyce Thompson.
1:49 of 2nd period - Stopped by Maxime Lagace without a rebound.
1:50 of 2nd period - Nathan Smith wins face-off versus Antti Suomela in Wild zone.
2:00 of 2nd period - Nathan Smith is hit by Dillon Simpson.
3:00 of 2nd period - Shot by John Albert .
3:00 of 2nd period - Stopped by Maxime Lagace with a rebound.
3:36 of 2nd period - Icing by Ben Thomas.
3:37 of 2nd period - Jan Jenik wins face-off versus Lukas Jasek in Wild zone.
3:40 of 2nd period - Shot by Jan Jenik.
3:40 of 2nd period - Stopped by Maxime Lagace without a rebound.
3:41 of 2nd period - Nathan Smith wins face-off versus Jeremy Gregoire in Wild zone.
3:51 of 2nd period - Minor Penalty to Dillon Simpson for Checking from behind.
3:52 of 2nd period - Greg McKegg wins face-off versus Tanner Pearson in Wild zone.
4:04 of 2nd period - Shot by Tyce Thompson.
4:04 of 2nd period - Shot Misses the Net.
4:06 of 2nd period - Shot by Steven Oleksy.
4:06 of 2nd period - Stopped by Maxime Lagace without a rebound.
4:07 of 2nd period - Nathan Smith wins face-off versus Tanner Pearson in Wild zone.
4:24 of 2nd period - Shot by Nathan Smith.
4:24 of 2nd period - Stopped by Maxime Lagace with a rebound.
5:09 of 2nd period - Shot by Greg McKegg.
5:09 of 2nd period - Stopped by Maxime Lagace with a rebound.
5:11 of 2nd period - Shot by Greg McKegg.
5:11 of 2nd period - Shot Misses the Net.
5:13 of 2nd period - Shot by Steven Oleksy.
5:13 of 2nd period - Shot Blocked by Ben Gleason.
5:15 of 2nd period - Shot by Steven Oleksy.
5:15 of 2nd period - Shot Misses the Net.
5:17 of 2nd period - Shot by Steven Oleksy.
5:17 of 2nd period - Stopped by Maxime Lagace without a rebound.
5:18 of 2nd period - Anthony Louis wins face-off versus Nathan Smith in Wild zone.
5:31 of 2nd period - Shot by Mathieu Joseph.
5:31 of 2nd period - Shot Misses the Net.
5:41 of 2nd period - Shot by Nathan Smith.
5:41 of 2nd period - Goal by Nathan Smith - Heat : 2 - Wild : 3.
5:42 of 2nd period - Greg McKegg wins face-off versus Joseph Gambardella in neutral zone.
5:42 of 2nd period - Greg McKegg is hit by Jeremy Gregoire.
5:46 of 2nd period - Jalen Chatfield is hit by Greg McKegg and loses puck.
6:13 of 2nd period - Aidan McDonough is hit by Jalen Chatfield.
7:44 of 2nd period - Jesper Lindgren is hit by Tanner Pearson and loses puck.
7:52 of 2nd period - Tanner Pearson is hit by Tarmo Reunanen and loses puck.
8:08 of 2nd period - Mathieu Joseph is hit by Eemeli Rasanen and loses puck.
8:28 of 2nd period - Minor Penalty to Jalen Chatfield for Tripping.
8:29 of 2nd period - Tanner Pearson wins face-off versus Greg McKegg in Wild zone.
8:29 of 2nd period - Tanner Pearson is hit by Aidan McDonough.
8:59 of 2nd period - Shot by Brinson Pasichnuk.
8:59 of 2nd period - Stopped by Maxime Lagace with a rebound.
9:01 of 2nd period - Shot by Greg McKegg.
9:01 of 2nd period - Shot Misses the Net.
9:03 of 2nd period - Shot by Aidan McDonough.
9:03 of 2nd period - Stopped by Maxime Lagace without a rebound.
9:04 of 2nd period - Anders Bjork wins face-off versus Kyle Criscuolo in Wild zone.
9:09 of 2nd period - Nathan Smith is hit by Tanner Pearson and loses puck.
9:16 of 2nd period - Shot by Tanner Pearson.
9:16 of 2nd period - Shot Misses the Net.
9:22 of 2nd period - Shot by Tanner Pearson.
9:22 of 2nd period - Stopped by Matthew Galajda with a rebound.
9:24 of 2nd period - Shot by Anders Bjork.
9:24 of 2nd period - Shot Blocked by Mathieu Joseph.
9:26 of 2nd period - Shot by Ben Gleason.
9:26 of 2nd period - Stopped by Matthew Galajda without a rebound.
9:27 of 2nd period - Tanner Pearson wins face-off versus Greg McKegg in Heat zone.
9:54 of 2nd period - Tanner Pearson is hit by Tyce Thompson and loses puck.
10:11 of 2nd period - Shot by Mathieu Joseph.
10:11 of 2nd period - Shot Blocked by Eemeli Rasanen.
10:13 of 2nd period - Shot by Tarmo Reunanen.
10:13 of 2nd period - Stopped by Maxime Lagace without a rebound.
10:14 of 2nd period - Anthony Louis wins face-off versus Nathan Smith in Wild zone.
10:14 of 2nd period - Anthony Louis is hit by Nathan Smith.
10:28 of 2nd period - Shot by Kyle Criscuolo.
10:28 of 2nd period - Shot Misses the Net.
11:00 of 2nd period - Shot by Kasper Bjorkqvist.
11:00 of 2nd period - Shot Misses the Net.
11:02 of 2nd period - Shot by Kasper Bjorkqvist.
11:02 of 2nd period - Stopped by Matthew Galajda without a rebound.
11:03 of 2nd period - Joseph Gambardella wins face-off versus Greg McKegg in Heat zone.
11:42 of 2nd period - Shot by Joseph Gambardella.
11:42 of 2nd period - Stopped by Matthew Galajda without a rebound.
11:43 of 2nd period - Anthony Louis wins face-off versus Nathan Smith in Heat zone.
11:43 of 2nd period - Anthony Louis is hit by Jesper Lindgren.
11:45 of 2nd period - Shot by Anders Bjork.
11:45 of 2nd period - Stopped by Matthew Galajda without a rebound.
11:46 of 2nd period - Anders Bjork wins face-off versus Nathan Smith in Heat zone.
11:49 of 2nd period - Shot by Tanner Pearson.
11:49 of 2nd period - Stopped by Matthew Galajda without a rebound.
11:50 of 2nd period - Anthony Louis wins face-off versus Nathan Smith in Heat zone.
11:55 of 2nd period - Shot by Anthony Louis.
11:55 of 2nd period - Deflect By Tanner Pearson.
11:55 of 2nd period - Stopped by Matthew Galajda without a rebound.
11:56 of 2nd period - Nathan Smith wins face-off versus Tanner Pearson in Heat zone.
12:09 of 2nd period - Dillon Simpson is hit by Steven Oleksy and loses puck.
12:37 of 2nd period - Minor Penalty to Dillon Simpson for Holding.
12:37 of 2nd period - Minor Penalty to Aidan McDonough for Boarding.
12:38 of 2nd period - Mathieu Joseph wins face-off versus Tanner Pearson in Wild zone.
12:38 of 2nd period - Mathieu Joseph is hit by Ben Thomas.
12:43 of 2nd period - Icing by Ben Thomas.
12:44 of 2nd period - Tanner Pearson wins face-off versus Nathan Smith in Wild zone.
12:51 of 2nd period - Shot by Ben Thomas.
12:51 of 2nd period - Stopped by Matthew Galajda with a rebound.
12:53 of 2nd period - Shot by Tanner Pearson.
12:53 of 2nd period - Shot Blocked by Brinson Pasichnuk.
13:33 of 2nd period - Shot by Anthony Louis.
13:33 of 2nd period - Stopped by Matthew Galajda without a rebound.
13:34 of 2nd period - Anthony Louis wins face-off versus Cole Schneider in Heat zone.
14:25 of 2nd period - Shot by Tanner Pearson.
14:25 of 2nd period - Stopped by Matthew Galajda without a rebound.
14:26 of 2nd period - Mathieu Joseph wins face-off versus Tanner Pearson in Heat zone.
14:42 of 2nd period - Lukas Jasek is hit by Steven Oleksy and loses puck.
14:50 of 2nd period - Icing by Michael Mersch.
14:51 of 2nd period - Lukas Jasek wins face-off versus John Albert in Wild zone.
14:51 of 2nd period - Kasper Bjorkqvist is hit by Egor Sokolov and loses puck.
14:53 of 2nd period - Minor Penalty to Egor Sokolov for Roughing.
14:54 of 2nd period - Joseph Gambardella wins face-off versus Mathieu Joseph in Heat zone.
14:57 of 2nd period - Shot by Jeremy Gregoire.
14:57 of 2nd period - Shot Blocked by Jacob Bryson.
14:59 of 2nd period - Shot by Joseph Gambardella.
14:59 of 2nd period - Shot Misses the Net.
15:01 of 2nd period - Shot by Taylor Raddysh.
15:01 of 2nd period - Shot Blocked by Jacob Bryson.
15:51 of 2nd period - Shot by Ben Gleason.
15:51 of 2nd period - Shot Misses the Net.
15:53 of 2nd period - Shot by Dillon Simpson.
15:53 of 2nd period - Shot Misses the Net.
15:55 of 2nd period - Shot by Anthony Louis.
15:55 of 2nd period - Shot Misses the Net.
15:57 of 2nd period - Shot by Ben Gleason.
15:57 of 2nd period - Shot Blocked by Steven Oleksy.
16:06 of 2nd period - Shot by Tanner Pearson.
16:06 of 2nd period - Stopped by Matthew Galajda with a rebound.
16:08 of 2nd period - Shot by Dillon Simpson.
16:08 of 2nd period - Stopped by Matthew Galajda with a rebound.
16:10 of 2nd period - Shot by Tanner Pearson.
16:10 of 2nd period - Shot Misses the Net.
16:16 of 2nd period - Shot by Anthony Louis.
16:16 of 2nd period - Goal by Anthony Louis - Heat : 2 - Wild : 4.
16:17 of 2nd period - Lukas Jasek wins face-off versus Tyce Thompson in neutral zone.
16:17 of 2nd period - Lukas Jasek is hit by Aidan McDonough.
16:28 of 2nd period - Brinson Pasichnuk is hit by Eemeli Rasanen and loses puck.
16:42 of 2nd period - Kasper Bjorkqvist is hit by Brinson Pasichnuk and loses puck.
16:48 of 2nd period - Off-side.
16:49 of 2nd period - Joseph Gambardella wins face-off versus Jan Jenik in neutral zone.
16:49 of 2nd period - Joseph Gambardella is hit by Jan Jenik.
17:03 of 2nd period - Shot by Jeremy Gregoire.
17:03 of 2nd period - Deflect By Joseph Gambardella.
17:03 of 2nd period - Shot Hit the Post.
17:05 of 2nd period - Shot by Jeremy Gregoire.
17:05 of 2nd period - Shot Misses the Net.
17:58 of 2nd period - Shot by Anders Bjork.
17:58 of 2nd period - Shot Blocked by Jacob Bryson.
18:57 of 2nd period - Shot by Kasper Bjorkqvist.
18:57 of 2nd period - Deflect By Lukas Jasek.
18:57 of 2nd period - Shot Misses the Net.
18:59 of 2nd period - Shot by Lukas Jasek.
18:59 of 2nd period - Stopped by Matthew Galajda without a rebound.
19:00 of 2nd period - Nathan Smith wins face-off versus Joseph Gambardella in Heat zone.
19:00 of 2nd period - Nathan Smith is hit by Jeremy Gregoire.
19:16 of 2nd period - Shot by Jeremy Gregoire.
19:16 of 2nd period - Stopped by Matthew Galajda without a rebound.
19:17 of 2nd period - Danick Martel wins face-off versus John Albert in Heat zone.
19:30 of 2nd period - Shot by Ryan Kuffner.
19:30 of 2nd period - Shot Misses the Net.
19:32 of 2nd period - Shot by Tanner Pearson.
19:32 of 2nd period - Stopped by Matthew Galajda without a rebound.
19:33 of 2nd period - Joseph Gambardella wins face-off versus Nathan Smith in Heat zone.
Goals for this period are 1 for Heat vs 1 for Wild.
Shots for this period are 13 for Heat vs 16 for Wild.

3rd period


0:01 of 3rd period - Anthony Louis wins face-off versus Nathan Smith in neutral zone.
0:11 of 3rd period - Shot by Anthony Louis.
0:11 of 3rd period - Shot Misses the Net.
0:48 of 3rd period - Icing by Kyle Criscuolo.
0:49 of 3rd period - Nathan Smith wins face-off versus Joseph Gambardella in Heat zone.
1:22 of 3rd period - Shot by Joseph Gambardella.
1:22 of 3rd period - Shot Misses the Net.
1:24 of 3rd period - Shot by Taylor Raddysh.
1:24 of 3rd period - Stopped by Matthew Galajda with a rebound.
2:02 of 3rd period - Minor Penalty to Eemeli Rasanen for Roughing.
2:03 of 3rd period - Kyle Criscuolo wins face-off versus Tanner Pearson in Wild zone.
2:56 of 3rd period - Shot by Aidan McDonough.
2:56 of 3rd period - Shot Misses the Net.
3:23 of 3rd period - Shot by Jesper Lindgren.
3:23 of 3rd period - Stopped by Maxime Lagace without a rebound.
3:24 of 3rd period - Anthony Louis wins face-off versus Mathieu Joseph in Wild zone.
3:32 of 3rd period - Icing by Mathieu Joseph.
3:33 of 3rd period - Nathan Smith wins face-off versus Anthony Louis in Heat zone.
3:50 of 3rd period - Shot by Jesper Lindgren.
3:50 of 3rd period - Stopped by Maxime Lagace with a rebound.
3:52 of 3rd period - Shot by Nathan Smith.
3:52 of 3rd period - Stopped by Maxime Lagace with a rebound.
4:05 of 3rd period - Icing by Brett Leason.
4:06 of 3rd period - Jan Jenik wins face-off versus Lukas Jasek in Heat zone.
4:06 of 3rd period - Jan Jenik is hit by Kasper Bjorkqvist.
4:09 of 3rd period - Icing by Brett Leason.
4:10 of 3rd period - Danick Martel wins face-off versus Jan Jenik in Heat zone.
5:34 of 3rd period - Shot by Joseph Gambardella.
5:34 of 3rd period - Stopped by Matthew Galajda without a rebound.
5:35 of 3rd period - Lukas Jasek wins face-off versus Nathan Smith in Heat zone.
5:46 of 3rd period - Shot by Lukas Jasek.
5:46 of 3rd period - Stopped by Matthew Galajda without a rebound.
5:47 of 3rd period - Anthony Louis wins face-off versus John Albert in Heat zone.
5:52 of 3rd period - Shot by Anders Bjork.
5:52 of 3rd period - Stopped by Matthew Galajda without a rebound.
5:53 of 3rd period - Nathan Smith wins face-off versus Anthony Louis in Heat zone.
6:03 of 3rd period - Shot by Anders Bjork.
6:03 of 3rd period - Shot Misses the Net.
6:05 of 3rd period - Shot by Tanner Pearson.
6:05 of 3rd period - Shot Blocked by Jesper Lindgren.
6:53 of 3rd period - Shot by Tyce Thompson.
6:53 of 3rd period - Shot Misses the Net.
6:55 of 3rd period - Shot by Aidan McDonough.
6:55 of 3rd period - Stopped by Maxime Lagace without a rebound.
6:56 of 3rd period - Greg McKegg wins face-off versus Lukas Jasek in Wild zone.
7:03 of 3rd period - Shot by Aidan McDonough.
7:03 of 3rd period - Stopped by Maxime Lagace without a rebound.
7:04 of 3rd period - Greg McKegg wins face-off versus Joseph Gambardella in Wild zone.
7:16 of 3rd period - Jeremy Gregoire is hit by Aidan McDonough and loses puck.
7:26 of 3rd period - Joseph Gambardella is hit by Brinson Pasichnuk.
8:34 of 3rd period - Icing by Dillon Simpson.
8:35 of 3rd period - Anthony Louis wins face-off versus Nathan Smith in Wild zone.
8:51 of 3rd period - Off-side.
8:52 of 3rd period - Jan Jenik wins face-off versus Lukas Jasek in neutral zone.
9:01 of 3rd period - Shot by Brett Leason.
9:01 of 3rd period - Shot Blocked by Eemeli Rasanen.
9:09 of 3rd period - Shot by Jan Jenik.
9:09 of 3rd period - Stopped by Maxime Lagace with a rebound.
9:46 of 3rd period - Kasper Bjorkqvist is hit by Steven Oleksy and loses puck.
10:07 of 3rd period - Shot by Nathan Smith.
10:07 of 3rd period - Shot Misses the Net.
10:10 of 3rd period - Minor Penalty to Scott Walford for Interference.
10:11 of 3rd period - Greg McKegg wins face-off versus Tanner Pearson in Wild zone.
10:18 of 3rd period - Shot by Brinson Pasichnuk.
10:18 of 3rd period - Stopped by Maxime Lagace without a rebound.
10:19 of 3rd period - Tanner Pearson wins face-off versus Greg McKegg in Wild zone.
10:27 of 3rd period - Tyce Thompson is hit by Jalen Chatfield and loses puck.
10:32 of 3rd period - Shot by Aidan McDonough.
10:32 of 3rd period - Shot Blocked by Jalen Chatfield.
10:34 of 3rd period - Shot by Brinson Pasichnuk.
10:34 of 3rd period - Stopped by Maxime Lagace with a rebound.
10:36 of 3rd period - Shot by Brinson Pasichnuk.
10:36 of 3rd period - Stopped by Maxime Lagace with a rebound.
10:38 of 3rd period - Shot by Tyce Thompson.
10:38 of 3rd period - Shot Misses the Net.
10:48 of 3rd period - Shot by Aidan McDonough.
10:48 of 3rd period - Shot Misses the Net.
10:50 of 3rd period - Shot by Aidan McDonough.
10:50 of 3rd period - Stopped by Maxime Lagace with a rebound.
11:22 of 3rd period - Icing by Mathieu Joseph.
11:23 of 3rd period - Nathan Smith wins face-off versus Tanner Pearson in Heat zone.
11:28 of 3rd period - Dillon Simpson is hit by Nathan Smith.
12:24 of 3rd period - Shot by Kasper Bjorkqvist.
12:24 of 3rd period - Stopped by Matthew Galajda without a rebound.
12:25 of 3rd period - Greg McKegg wins face-off versus Jeremy Gregoire in Heat zone.
12:38 of 3rd period - Jesper Lindgren is hit by Taylor Raddysh and loses puck.
13:26 of 3rd period - Off-side.
13:27 of 3rd period - John Albert wins face-off versus Tanner Pearson in neutral zone.
13:40 of 3rd period - Shot by Jesper Lindgren.
13:40 of 3rd period - Shot Misses the Net.
13:42 of 3rd period - Shot by Egor Sokolov.
13:42 of 3rd period - Stopped by Maxime Lagace with a rebound.
13:54 of 3rd period - Shot by Ben Gleason.
13:54 of 3rd period - Stopped by Matthew Galajda with a rebound.
14:21 of 3rd period - Shot by Nathan Smith.
14:21 of 3rd period - Stopped by Maxime Lagace with a rebound.
15:26 of 3rd period - Shot by Lukas Jasek.
15:26 of 3rd period - Stopped by Matthew Galajda with a rebound.
15:44 of 3rd period - Shot by Cole Schneider.
15:44 of 3rd period - Stopped by Maxime Lagace without a rebound.
15:45 of 3rd period - Nathan Smith wins face-off versus Joseph Gambardella in Wild zone.
15:46 of 3rd period - Shot by Mathieu Joseph.
15:46 of 3rd period - Stopped by Maxime Lagace without a rebound.
15:47 of 3rd period - Joseph Gambardella wins face-off versus Nathan Smith in Wild zone.
16:00 of 3rd period - Off-side.
16:01 of 3rd period - Greg McKegg wins face-off versus Joseph Gambardella in neutral zone.
16:22 of 3rd period - Shot by Jalen Chatfield.
16:22 of 3rd period - Stopped by Matthew Galajda without a rebound.
16:23 of 3rd period - Lukas Jasek wins face-off versus Nathan Smith in Heat zone.
16:24 of 3rd period - Shot by Kasper Bjorkqvist.
16:24 of 3rd period - Stopped by Matthew Galajda without a rebound.
16:25 of 3rd period - Tanner Pearson wins face-off versus Nathan Smith in Heat zone.
16:37 of 3rd period - Brinson Pasichnuk is hit by Dillon Simpson and loses puck.
16:40 of 3rd period - Shot by Nathan Smith.
16:40 of 3rd period - Stopped by Maxime Lagace with a rebound.
16:42 of 3rd period - Shot by Brinson Pasichnuk.
16:42 of 3rd period - Shot Misses the Net.
16:44 of 3rd period - Shot by Kyle Criscuolo.
16:44 of 3rd period - Stopped by Maxime Lagace without a rebound.
16:45 of 3rd period - Joseph Gambardella wins face-off versus Greg McKegg in Wild zone.
18:02 of 3rd period - Off-side.
18:03 of 3rd period - Lukas Jasek wins face-off versus Jan Jenik in neutral zone.
18:03 of 3rd period - Lukas Jasek is hit by Jan Jenik.
18:24 of 3rd period - Shot by Brett Leason.
18:24 of 3rd period - Stopped by Maxime Lagace without a rebound.
18:25 of 3rd period - Tanner Pearson wins face-off versus Nathan Smith in Wild zone.
19:00 of 3rd period - Icing by Tarmo Reunanen.
19:01 of 3rd period - Joseph Gambardella wins face-off versus Nathan Smith in Heat zone.
19:17 of 3rd period - Jalen Chatfield is hit by Mathieu Joseph and loses puck.
19:38 of 3rd period - Shot by Taylor Raddysh.
19:38 of 3rd period - Stopped by Matthew Galajda with a rebound.
Goals for this period are 0 for Heat vs 0 for Wild.
Shots for this period are 17 for Heat vs 10 for Wild.